 Dungeon Crawl Stone Soup version 0.28.0-47-ge53b351184 (webtiles) character file.

Game seed: 14430184749116211131

118 abstractfish the Firebug (level 4, 0/30 HPs)
             Began as a Demonspawn Fire Elementalist on May 7, 2022.
             Slain by Ijyb
             ... wielding a +0 club
              (8 damage)
             ... on level 3 of the Dungeon.
             The game lasted 00:11:07 (3356 turns).

abstractfish the Firebug (DsFE)                     Turns: 3356, Time: 00:11:08

Health: 0/30       AC: -2    Str:  8    XL:     4   Next: 72%
Magic:  1/7        EV: 12    Int: 18    God:
Gold:   151        SH:  0    Dex: 14    Spells: 5/8 levels left

rFire   . . .      SeeInvis .   g - +0 short sword
rCold   . . .      Faith    .   (no shield)
rNeg    . . .      Spirit   .   a - +0 robe
rPois   .          Reflect  .   (no helmet)
rElec   .          Harm     .   (no cloak)
rCorr   .          Rampage  .   (no gloves)
Will    .....                   (no boots)
Stlth   ++........              (no amulet)
HPRegen 0.10/turn               (no ring)
MPRegen 0.10/turn               (no ring)

@: corroded
A: demonic guardian 1, foul stench 1
a: no special abilities


You were on level 3 of the Dungeon.
You visited 1 branch of the dungeon, and saw 3 of its levels.

You collected 151 gold pieces.

Inventory:

Hand Weapons
 g - a +0 short sword (weapon)
Missiles
 h - 24 stones
 l - 6 boomerangs
Armour
 a - a +0 robe (worn)
Scrolls
 d - a scroll of magic mapping {unknown}
 e - 2 scrolls of teleportation {unknown}
 f - a scroll of vulnerability {unknown}
 i - 2 scrolls of enchant weapon
 j - a scroll of blinking {unknown}
 k - a scroll of immolation {unknown}
 m - a scroll of brand weapon {unknown}
Potions
 b - 2 potions of might
 c - a potion of lignification


   Skills:
 - Level 1.7 Dodging
 - Level 1.7 Stealth
 + Level 2.5 Spellcasting
 - Level 2.4 Conjurations
 * Level 4.2 Fire Magic


You had 5 spell levels left.
You knew the following spells:

 Your Spells              Type           Power      Damage    Failure   Level
a - Foxfire               Conj/Fire      56%        2x1d6     4%          1
b - Scorch                Fire           34%        2d7       4%          2

Your spell library contained the following spells:

 Spells                   Type           Power      Damage    Failure   Level
 Conjure Flame            Conj/Fire      14%        6-21      13%         3
 Inner Flame              Hex/Fire       9%         N/A       22%         3
 Flame Wave               Conj/Fire      14%        2d6       41%         4


Dungeon Overview and Level Annotations

Branches:
Dungeon (3/15)

Altars:

Annotations:
D:3 Ijyb


Innate Abilities, Weirdness & Mutations

A weak demonic guardian rushes to your aid.
You may rarely emit foul miasma when damaged in melee.


Message History

Your quasit bites the adder.
The adder dies!
Your quasit disappears in a puff of smoke!
You see here a giant cockroach corpse.
Found a stone staircase leading up.
You see here a jackal corpse.
You now have 151 gold pieces (gained 3).
Found 6 javelins.
d - a scroll labelled ALASICHAOX You see here 6 javelins.
Ijyb the Twisted Goblin comes into view.
She is wielding a +0 club and carrying a wand of acid (7).
Casting: Scorch (safe; 4% risk of failure)
Confirm with . or Enter, or press ? or * to list all spells.
You can't see any susceptible monsters within range! (Use Z to cast anyway.) Ijyb shouts!
Casting: Scorch (safe; 4% risk of failure)
Confirm with . or Enter, or press ? or * to list all spells.
Flames lash Ijyb.
Ijyb is moderately wounded.
Ijyb's fire resistance burns away.
Ijyb zaps a wand.
The bolt of acid hits you!
Ouch! That really hurt!
A demonic guardian appears!
The acid corrodes you! The bolt of acid hits your white imp!!!
The acid corrodes your white imp!
Your white imp dies!
Your white imp disappears in a puff of smoke!
Casting: Scorch (safe; 4% risk of failure)
Confirm with . or Enter, or press ? or * to list all spells.
Flames lash Ijyb.
Ijyb is burned terribly!
Ijyb is heavily wounded.
Ijyb hits you with a +0 club.
* * * LOW HITPOINT WARNING * * *
Casting: Scorch (safe; 4% risk of failure)
Confirm with . or Enter, or press ? or * to list all spells.
Flames lash Ijyb.
Ijyb is burned terribly!
Ijyb is almost dead.
Ijyb hits you with a +0 club.
* * * LOW HITPOINT WARNING * * *
Ijyb hits you with a +0 club!
You die...

## .########
........###
.######...####
#### ###....##
...#
####..##########
##.#
##.#........#
#.##
#...@g.....#
##..#
###........#
.##.####
#........#
.......######
#........#
##..........#
#........#
##..........#
##.#..####
#.........<.#
#....#
............#
#..#.#
............#


You could see Ijyb (combustible).

Vanquished Creatures
  Natasha (D:2)
  4 adders
  2 dart slugs
  5 bats
  6 endoplasms
  A giant cockroach (D:3)
  6 hobgoblins
  2 jackals (D:3)
  4 kobolds (D:2)
  A quokka (D:1)
  3 ball pythons
  A frilled lizard (D:1)
  A goblin (D:1)
  3 rats
40 creatures vanquished.

Vanquished Creatures (collateral kills)
  An adder (D:3)
  A dart slug (D:3)
  A kobold (D:3)
3 creatures vanquished.

Vanquished Creatures (others)
  51 foxfires
51 creatures vanquished.

Grand Total: 94 creatures vanquished

Notes
Turn   | Place    | Note
-------+----------+-------------------------------------------
     0 | D:1      | abstractfish the Demonspawn Fire Elementalist began the
                  | quest for the Orb.
     0 | D:1      | Reached XP level 1. HP: 13/13 MP: 3/3
   614 | D:1      | Reached skill level 3 in Fire Magic
   614 | D:1      | Gained mutation: A weak demonic guardian rushes to your
                  | aid. [demonic ancestry]
   614 | D:1      | Reached XP level 2. HP: 19/19 MP: 3/5
  1489 | D:2      | Reached XP level 3. HP: 14/24 MP: 2/6
  1814 | D:2      | Learned a level 2 spell: Scorch
  2372 | D:2      | Noticed Natasha
  2377 | D:2      | Killed Natasha
  2378 | D:2      | Gained mutation: You may rarely emit foul miasma when
                  | damaged in melee. [demonic ancestry]
  2378 | D:2      | Reached XP level 4. HP: 10/30 MP: 0/7
  2594 | D:2      | Found a faded altar of an unknown god.
  2962 | D:3      | Reached skill level 4 in Fire Magic
  3347 | D:3      | Noticed Ijyb
  3356 | D:3      | Slain by Ijyb

Illustrated notes

Levels and vault maps discovered:
D:1:      minmay_arrival_widening_spiral_wide, layout_loops_ring
D:2:      layout_loops_ring, shapermc_ecumenical_altar_venn, uniq_natasha
D:3:      layout_rooms, xom_teletrap_fun, minivault_19,
          kennysheep_generic_room_9, uniq_grinder, uniq_terence, uniq_ijyb

Skill      XL: |  1  2  3  4 |
---------------+-------------+-----
Fire Magic     | 3 4 |  4.2
Conjurations   | 2 |  2.4
Dodging        | |  1.7
Stealth        | |  1.7
Spellcasting   | |  2.5

Action                   |  1- 3 |  4- 6 || total
-------------------------+-------+-------++-------
Melee: Unarmed           |     2 |       ||     2
       Short sword       |     8 |    10 ||    18
 Cast: Foxfire           |    44 |       ||    44
       Scorch            |    17 |    14 ||    31
  Use: Scroll            |       |     3 ||     3
Armor: Robe              |    10 |     4 ||    14
Dodge: Dodged            |    32 |    14 ||    46
